 Dungeon Crawl Stone Soup version 0.31-a0-232-gb1c03b2570 (webtiles) character file.

Game seed: 5287849545377810198

20 Decritt the Shooter (level 3, 28/28 HPs)
             Began as a Formicid Hunter on July 7, 2023.
             Quit the game on level 2 of the Dungeon.
             The game lasted 00:03:16 (415 turns).

Decritt the Shooter (Formicid Hunter)                Turns: 415, Time: 00:03:16

Health: 28/28      AC:  3    Str: 17    XL:     3   Next: 0%
Magic:  3/3        EV: 12    Int:  8    God:
Gold:   32         SH:  0    Dex: 17    Spells: 2/2 levels left

rFire   . . .        a - +0 shortbow
rCold   . . .        (no shield)
rNeg    . . .        c - +0 leather armour
rPois   .            (helmet unavailable)
rElec   .            (no cloak)
rCorr   .            (no gloves)
SInv    +            (no boots)
Will    .....        (no amulet)
Stlth   ++           (no ring)
HPRegen 0.24/turn    (no ring)
MPRegen 0.08/turn

%: no passive effects
@: no status effects
A: permanent stasis, dig shafts and tunnels, antennae 3, four strong arms
a: Dig, Shaft Self


You were on level 2 of the Dungeon.
You visited 1 branch of the dungeon, and saw 2 of its levels.

You collected 32 gold pieces.

Inventory:

Hand Weapons
 a - a +0 shortbow (weapon)
Armour
 c - a +0 leather armour (worn)
Scrolls
 b - a scroll of butterflies
 e - a scroll of identify {unknown}
 h - 2 scrolls of fear {unknown}
Potions
 d - a potion of enlightenment {unknown}
 f - 2 potions of heal wounds {unknown}
 g - a potion of lignification {unknown}


   Skills:
 * Level 2.7 Fighting
 * Level 4.3 Ranged Weapons
 + Level 0.8 Armour
 - Level 1.8 Dodging
 - Level 1.4 Stealth


You had 2 spell levels left.
You didn't know any spells.
Your spell library contained the following spells:

 Spells                   Type           Power      Damage    Failure   Level
 Conjure Ball Lightning   Conj/Air       0%         3x3d6     100%        6
 Discord                  Hex            0%         N/A       100%        8
 Disjunction              Tloc           0%         N/A       100%        8


Dungeon Overview and Level Annotations

Branches:
Dungeon (1/15)

Altars:


Innate Abilities, Weirdness & Mutations

You cannot be hasted, slowed, berserked, paralysed or teleported.
You can dig through walls and to a lower floor.
You have a pair of large antennae on your head. (SInv)
Your four strong arms can wield two-handed weapons with a shield.


Message History

The endoplasm quivers.
You shoot an arrow. The arrow hits the endoplasm!
You kill the endoplasm!
No target in view!
Are you sure you want to shaft yourself?
You begin to dig a shaft.
You continue digging a shaft.
A shaft appears beneath you!
You fall into a shaft and drop 1 floor!
The shaft crumbles and collapses.
You open the door.
There is an open door here.
You sense a monster nearby.
No target in view!
A bat comes into view.
You shoot an arrow. The arrow hits the bat.
The bat is severely wounded.
You shoot an arrow. The arrow closely misses the bat.
You shoot an arrow. The arrow closely misses the bat.
The bat closely misses you. The bat hits you but does no damage.
The bat barely misses you.
You shoot an arrow. The arrow closely misses the bat.
The bat closely misses you. x2; The bat hits you but does no damage.
You shoot an arrow. The arrow closely misses the bat.
The bat hits you but does no damage.
You shoot an arrow. The arrow misses the bat.
The bat closely misses you.
You shoot an arrow. The arrow hits the bat!
You kill the bat!
No target in view!
No target in view!
A hobgoblin comes into view.
You shoot an arrow. The arrow hits the hobgoblin.
The hobgoblin shouts!
The hobgoblin is moderately wounded.
You shoot an arrow. The arrow hits the hobgoblin.
You kill the hobgoblin!
You have reached level 3!
Your experience leads to an increase in your attributes!
Increase (s)trength, (i)ntelligence, or (d)exterity?
You feel stronger. x2
Are you sure you want to abandon this character and quit the game? (Confirm with "yes".)

## .. ########## .#
.........# .#
.........########.#####
.........'......@.....+
.........########.#####
##+####### .# .# .# .#
.# .#


There were no monsters in sight!

Vanquished Creatures
  A ball python (D:1)
  4 bats
  4 endoplasms (D:1)
  A goblin (D:1)
  3 hobgoblins
  2 frilled lizards (D:1)
  2 rats (D:1)
17 creatures vanquished.

Notes
Turn   | Place    | Note
-------+----------+-------------------------------------------
     0 | D:1      | Decritt the Formicid Hunter began the quest for the Orb.
     0 | D:1      | Reached XP level 1. HP: 16/16 MP: 1/1
   172 | D:1      | Reached XP level 2. HP: 20/21 MP: 2/2
   393 | D:1      | You fall into a shaft and drop 1 floor!
   415 | D:2      | Reached XP level 3. HP: 28/28 MP: 3/3
   415 | D:2      | Quit the game

Illustrated notes

Levels and vault maps discovered:
D:1:      dpeg_arrival_tiny_a, layout_basic, amethyst_killhole
D:2:      layout_basic, uniq_sigmund, uniq_terence

Action                     || total
---------------------------++-------
   Fire: Shortbow          ||    52
Ability: Dig               ||     1
         Shaft Self        ||     1
 Armour: Leather armour    ||     8
  Dodge: Dodged            ||    19

Table legend: (Time is in decaauts)
 A = Elapsed time spent in this place.
 B = Non-inter-level travel time spent in this place.
 C = Inter-level travel time spent in this place.
 D = Time resting spent in this place.
 E = Time spent auto-exploring this place.
 F = Levels seen in this place.
 G = Mean time per level.
                   A        B        C        D        E       F      G
               +--------+--------+--------+--------+--------+-----+--------+
         Total |    426 |    426 |      0 |      0 |    305 |   2 |  213.0 |
       Dungeon |    426 |    426 |      0 |      0 |    305 |   2 |  213.0 |
               +--------+--------+--------+--------+--------+-----+--------+

Top non-repeatable levels by time:
     D:1: 403 daAuts
     D:2: 23 daAuts
